 Dungeon Crawl Stone Soup version 0.20-a0-1034-gb277f92 (webtiles) character file.

383 Ichigo the Changer (level 6, -3/38 HPs)
             Began as an Octopode Transmuter on Apr 22, 2017.
             Killed from afar by Blork the orc (9 damage)
             ... with a puff of flame
             ... on level 4 of the Dungeon.
             The game lasted 00:03:51 (3660 turns).

Ichigo the Changer (Octopode Transmuter)            Turns: 3660, Time: 00:03:52

Health: -3/38      AC:  1    Str:  9    XL:     6   Next: 76%
Magic:  9/9        EV: 10    Int: 17    God:
Gold:   153        SH:  6    Dex: 13    Spells: 6/10 levels left

rFire    . . .     SeeInvis .     - Unarmed
rCold    . . .     Gourm    .   k - +0 shield
rNeg     . . .     Faith    .   (helmet restricted)
rPois    .         Spirit   .   (no amulet)
rElec    .         Reflect  .   h - ring of wizardry
rCorr    .         Harm     .   s - ring of teleportation (curse)
MR       .....     Rnd*Tele +   (no ring)
Stlth    ++........             (no ring)
Regen    0.2/turn               (no ring)
MPRegen  0.2/turn               (no ring)
                                (no ring)
                                (no ring)

@: no status effects
A: almost no armour, stealthy swim, amphibious, 8 rings, constrict 8, camouflage
1, gelatinous body 1
a: no special abilities


You were on level 4 of the Dungeon.
You were near starving.

You visited 1 branch of the dungeon, and saw 4 of its levels.

You collected 153 gold pieces.

Inventory:

Missiles
 a - 69 arrows
Armour
 k - a +0 shield (worn)
Jewellery
 h - a ring of wizardry (left tentacle)
 s - a cursed ring of teleportation (right tentacle)
 w - an uncursed ring of positive energy {unknown}
Wands
 l - a wand of disintegration (12/24)
 r - a wand of polymorph (13/24)
Scrolls
 d - a scroll of recharging {unknown}
 e - 3 scrolls of enchant weapon {unknown}
 j - 4 scrolls of remove curse {unknown}
 p - a scroll of random uselessness {unknown}
 q - a scroll of magic mapping {unknown}
 v - a scroll of teleportation {unknown}
Potions
 f - 2 potions of curing {unknown}
 g - 3 potions of agility
 i - a potion of degeneration {unknown}
 m - a potion of mutation {unknown}
 o - a potion of brilliance {unknown}
 u - a potion of berserk rage {unknown}
Books
 b - a book of Changes

   Spells                             Type                      Level
   a - Beastly Appendage              Transmutation                1
   b - Sticks to Snakes               Transmutation                2
   c - Spider Form                    Transmutation/Poison         3
   d - Ice Form                       Ice/Transmutation            4
   e - Blade Hands                    Transmutation                5
Comestibles
 c - 2 bread rations
 n - a meat ration
 t - a royal jelly


   Skills:
 - Level 1.0 Fighting
 - Level 2.0 Dodging
 - Level 3.0 Unarmed Combat
 + Level 2.5 Spellcasting
 - Level 5.0 Transmutations
 - Level 5.0 Poison Magic


You had 6 spell levels left.
You knew the following spells:

 Your Spells              Type           Power        Failure   Level  Hunger
a - Beastly Appendage     Tmut           ###...       6%          1    #......
b - Spider Form           Tmut/Pois      ###.......   19%         3    ###....


Dungeon Overview and Level Annotations

Branches:
Dungeon (4/15)
 Temple: D:4-7

Altars:
Fedhas

Annotations:
D:3 1 runed door
D:4 Blork the orc


Innate Abilities, Weirdness & Mutations

You cannot wear most types of armour.
You are very stealthy in the water. (Stealth+)
You are amphibious.
You can wear up to eight rings at the same time.
You can use your tentacles to constrict eight enemies at once.
Your skin changes colour to match your surroundings (Stealth+).
Your rubbery body absorbs attacks. (AC +1, EV +1)


Message History

You constrict Blork the orc.
Blork the orc hits you with an enchanted short sword.
You tentacle-slap Blork the orc.
Blork the orc is moderately wounded.
You constrict Blork the orc. Blork the orc closely misses you.
The phantom hits you.
* * * LOW HITPOINT WARNING * * *
You tentacle-slap Blork the orc but do no damage.
Blork the orc is heavily wounded.
You constrict Blork the orc.
Blork the orc casts a cantrip, but nothing happens.
The phantom hits you.
* * * LOW HITPOINT WARNING * * *
The phantom blinks!
You tentacle-slap Blork the orc.
Blork the orc is heavily wounded.
You constrict Blork the orc.
Blork the orc gestures at you while chanting.
The puff of flame hits you!
You die...

.. #.#........
.%. #.#........
...# #.#........
#.#.#.#........
#...#.'........
#..#'#........
#.............
...#......#.#####
.......@..#.#
...#...§o.#.#
..........+.#
...#.Z....#
..##......# ..
W......#
.....>..#
.....#####


You could see a phantom, Blork the orc and a hound skeleton.

Vanquished Creatures
  Sigmund (D:2)
  A scorpion (D:4)
  A centaur skeleton (D:3)
  Natasha (thrice) (D:2)
  3 gnolls (D:2)
  An adder (D:3)
  A worm (D:2)
  A leopard gecko (D:2)
  2 giant cockroaches (D:1)
  8 goblins
  6 hobgoblins
  A ball python (D:2)
  A bat (D:2)
  5 frilled lizards
  5 kobolds
  6 rats
46 creatures vanquished.

Notes
Turn   | Place    | Note
-------+----------+-------------------------------------------
     0 | D:1      | Ichigo the Octopode Transmuter began the quest for the Orb.
     0 | D:1      | Reached XP level 1. HP: 13/13 MP: 3/3
   178 | D:1      | Reached XP level 2. HP: 12/18 MP: 5/5
  1226 | D:2      | Found a blossoming altar of Fedhas.
  1265 | D:2      | Reached XP level 3. HP: 8/23 MP: 6/6
  1569 | D:2      | Noticed Natasha
  1582 | D:2      | Killed Natasha
  1679 | D:2      | Noticed Natasha
  1686 | D:2      | Killed Natasha
  1686 | D:2      | Reached XP level 4. HP: 10/28 MP: 7/7
  1907 | D:2      | Noticed Natasha
  1914 | D:2      | Killed Natasha
  2122 | D:2      | Reached skill level 5 in Transmutations
  2122 | D:2      | Reached XP level 5. HP: 33/33 MP: 8/8
  2127 | D:2      | Learned a level 3 spell: Spider Form
  2204 | D:2      | Noticed Sigmund
  2204 | D:2      | Reached skill level 1 in Poison Magic
  2217 | D:2      | Killed Sigmund
  2217 | D:2      | Reached XP level 6. HP: 14/38 MP: 9/9
  2746 | D:3      | Found a runed door.
  2867 | D:3      | Reached skill level 5 in Poison Magic
  3341 | D:4      | Noticed a phantom
  3648 | D:4      | Noticed Blork the orc
  3660 | D:4      | Killed from afar by Blork the orc

Vault maps used:
D:1:      dpeg_arrival_renting, nrook_mini_backslash
D:2:      fedhas_altar_3, uniq_sigmund, uniq_natasha
D:3:      uniq_crazy_yiuf_cottage
D:4:      first_bread, uniq_blork_the_orc

Skill      XL: |  1  2  3  4  5  6 |
---------------+-------------------+-----
Transmutations | 3 4 5 |  5.0
Poison Magic   | 4 5 |  5.0
Fighting       | |  1.0
Dodging        | |  2.0
Unarmed Combat | |  3.0
Spellcasting   | |  2.5

Action                   |  1- 3 |  4- 6 || total
-------------------------+-------+-------++-------
Melee: Unarmed           |    73 |    98 ||   171
       Tentacles         |    14 |    16 ||    30
       Constrict         |    13 |    18 ||    31
       Punch             |     2 |       ||     2
  Use: Potion            |       |     1 ||     1
 Stab: Sleeping          |     2 |     1 ||     3
       Distracted        |     1 |       ||     1
  Eat: Chunk             |     1 |     6 ||     7
Armor: Skin              |     5 |     2 ||     7
Dodge: Dodged            |    32 |    40 ||    72
Block: Shield            |     8 |    21 ||    29
